 Dungeon Crawl Stone Soup version 0.30-a0-937-ga0a21ad780 (webtiles) character file.

Game seed: 516271312284810231

74 Demosthentine the Ducker (level 4, -6/34 HPs)
             Began as a Demonspawn Gladiator on Mar 25, 2023.
             Was an Initiate of Hepliaklqana.
             Killed from afar by Natasha (10 damage)
             ... with a magic dart
             ... on level 3 of the Dungeon.
             The game lasted 00:01:45 (2251 turns).

Demosthentine the Ducker (Demonspawn Gladiator)     Turns: 2251, Time: 00:01:46

Health: -6/34      AC:  7    Str: 17    XL:     4   Next: 9%
Magic:  4/4        EV: 12    Int:  9    God:    Hepliaklqana [......]
Gold:   109        SH:  0    Dex: 14    Spells: 3/3 levels left

rFire   . . .      SeeInvis .    a - +1 flail
rCold   + . .      Faith    .    (no shield)
rNeg    . . .      Spirit   .    h - +2 leather armour {rC+}
rPois   .          Reflect  .    (helmet restricted)
rElec   .          Rampage  .    (no cloak)
rCorr   .                        (no gloves)
Will    .....                    (no boots)
Stlth   +                        (no amulet)
HPRegen 0.25/turn                (no ring)
MPRegen 0.09/turn                (no ring)

@: slowed, very slow
A: antennae 1, icy blue scales 1, powered by death 1
a: Renounce Religion


You were on level 3 of the Dungeon.
You worshipped Hepliaklqana.
Hepliaklqana was noncommittal.
You visited 1 branch of the dungeon, and saw 3 of its levels.

You collected 109 gold pieces.

Inventory:

Hand Weapons
 a - a +1 flail (weapon)
 c - the +7 sling "Dishroq" {heavy, rF+ rN+ Str+3 SInv}
   (You found it on level 2 of the Dungeon)

   Str:       It affects your strength (+3).
   rF:        It protects you from fire.
   rN:        It protects you from negative energy.
   SInv:      It lets you see invisible.
Missiles
 d - 3 throwing nets (quivered)
 e - a javelin
Armour
 h - a +2 leather armour of cold resistance (worn)
Scrolls
 f - 2 scrolls of identify
 g - a scroll of fear
 j - 2 scrolls of teleportation
 k - 3 scrolls of poison
 m - a scroll of amnesia {unknown}
Potions
 b - 2 potions of resistance
 i - a potion of flight {unknown}
 l - a potion of might


   Skills:
 + Level 2.7 Fighting
 + Level 3.2 Maces & Flails
 - Level 1.7 Throwing
 + Level 1.4 Armour
 + Level 3.2 Dodging


You had 3 spell levels left.
You didn't know any spells.
Your spell library was empty.

Dungeon Overview and Level Annotations

Branches:
Dungeon (3/15)

Altars:
Cheibriados
Hepliaklqana

Annotations:
D:3 Natasha


Innate Abilities, Weirdness & Mutations

You have a pair of small antennae on your head.
You are partially covered in icy blue scales. (AC +2)
You regenerate a little health from kills.


Message History

Natasha claws you.
You are too injured to fight recklessly!
You hit Natasha.
Natasha is heavily wounded.
The shadow imp shouts, "Leave, thou twisted tardy-gaited tinkerer!"
The shadow imp misses you.
Natasha casts a spell.
The shadow imp hits you.
* * * LOW HITPOINT WARNING * * *
You hit Natasha.
Natasha is severely wounded.
Natasha claws you.
* * * LOW HITPOINT WARNING * * *
The shadow imp grinds its teeth.
The shadow imp closely misses you.
Natasha stares at you and mumbles some strange words.
The magic dart hits you.
* * * LOW HITPOINT WARNING * * *
The shadow imp barely misses you.
You barely miss Natasha.
Natasha is severely wounded.
Natasha mumbles some strange words.
Natasha misses you.
You closely miss Natasha.
Natasha is severely wounded.
The crimson imp closely misses you. Natasha misses you.
The shadow imp hits you but does no damage.
The crimson imp barely misses you.
Natasha wildly gestures.
Natasha shimmers violently.
Natasha claws you but does no damage. The shadow imp hits you.
* * * LOW HITPOINT WARNING * * *
You miss Natasha.
Natasha is severely wounded.
The crimson imp blinks!
Natasha completely misses you. The shadow imp barely misses you.
The crimson imp hits you but does no damage.
Natasha casts a spell at you. The magic dart hits you!
You die...

..'.....# #....#
..#.....####†.... .
#.....'.##.###.
####.....#.##.###.
#...............#.
####.....#####.....#.
####.....⌠.##
##.⌠..#. ......5...##
##...#. ##...§@.##
##.... #...h5## ##...
#.5...# #... #.....#
+... #.##..# #..# #.
#..# ##.## # #...
##..# .... #...#
#.⌠....


You could see Natasha, 2 crimson imps and a shadow imp (summoned).

Vanquished Creatures
  An adder (D:3)
  A worm (D:2)
  4 dart slugs
  3 orcs (D:3)
  5 ball pythons
  4 endoplasms
  4 giant cockroaches
  3 goblins
  6 hobgoblins
  4 jackals (D:1)
  2 bats (D:1)
  2 frilled lizards (D:2)
  5 kobolds
  3 rats
47 creatures vanquished.

Notes
Turn   | Place    | Note
-------+----------+-------------------------------------------
     0 | D:1      | Demosthentine the Demonspawn Gladiator began the quest for
                  | the Orb.
     0 | D:1      | Reached XP level 1. HP: 16/16 MP: 1/1
    46 | D:1      | Gained mutation: You have a pair of small antennae on your
                  | head. [demonic ancestry]
    46 | D:1      | Reached XP level 2. HP: 6/22 MP: 2/2
   193 | D:1      | Found a faded altar of an unknown god.
   283 | D:1      | Reached skill level 1 in Armour
   300 | D:1      | Gained mutation: You regenerate a little health from kills.
                  | [demonic ancestry]
   300 | D:1      | Reached XP level 3. HP: 28/28 MP: 3/3
  1065 | D:2      | Identified the +7 sling "Dishroq" {heavy, rF+ rN+ Str+3
                  | SInv}
  1225 | D:2      | Found a hazy altar of Hepliaklqana.
  1319 | D:2      | Became a worshipper of Hepliaklqana the Forgotten
  2106 | D:3      | Found a snail-covered altar of Cheibriados.
  2219 | D:3      | Gained mutation: You are partially covered in icy blue
                  | scales. (AC +2) [demonic ancestry]
  2219 | D:3      | Reached XP level 4. HP: 34/34 MP: 4/4
  2237 | D:3      | Noticed Natasha
  2251 | D:3      | Killed from afar by Natasha

Illustrated notes

Levels and vault maps discovered:
D:1:      ebering_trefoil_twist, layout_basic, basic_ecumenical_altar,
          chequers_serial_rivers_micro_d
D:2:      layout_basic, basic_altar
D:3:      layout_basic, nicolae_overflow_ecumenical_swirl,
          mainiacjoe_overflow_tiny_flanked, gammafunk_temple_overflow_elements,
          st_stairs_12, uniq_natasha

Skill      XL: |  1  2 |
---------------+-------+-----
Maces & Flails | 3 |  3.2
Dodging        | 3 |  3.2
Armour         | 1 |  1.4
Fighting       | |  2.7
Throwing       | |  1.7

Action                     |  1- 3 |  4- 6 || total
---------------------------+-------+-------++-------
  Melee: Flail             |   148 |    11 ||   159
    Use: Scroll            |     7 |       ||     7
   Stab: Sleeping          |     1 |       ||     1
 Armour: Leather armour    |    55 |     4 ||    59
  Dodge: Dodged            |   146 |    13 ||   159

Table legend: (Time is in decaauts)
 A = Elapsed time spent in this place.
 B = Non-inter-level travel time spent in this place.
 C = Inter-level travel time spent in this place.
 D = Time resting spent in this place.
 E = Time spent auto-exploring this place.
 F = Levels seen in this place.
 G = Mean time per level.
                   A        B        C        D        E       F      G
               +--------+--------+--------+--------+--------+-----+--------+
         Total |   2295 |   2265 |     30 |    170 |   1680 |   3 |  765.0 |
       Dungeon |   2295 |   2265 |     30 |    170 |   1680 |   3 |  765.0 |
               +--------+--------+--------+--------+--------+-----+--------+

Top non-repeatable levels by time:
     D:1: 986 daAuts
     D:2: 979 daAuts
     D:3: 329 daAuts
